 Dungeon Crawl Stone Soup version 0.28-a0-1510-gd0f6b136d3 (webtiles) character file.

Game seed: 2360008645927292232

1491 kae the Insei (level 8, -11/55 (58) HPs)
             Began as a Demonspawn Transmuter on Jan 14, 2022.
             Killed from afar by a steam dragon (15 damage)
             ... with a ball of steam
             ... on level 7 of the Dungeon.
             The game lasted 00:05:32 (10954 turns).

kae the Insei (Demonspawn Transmuter)              Turns: 10954, Time: 00:05:32

HP:   -11/55 (58)   AC:  3    Str: 17    XL:     8   Next: 51%
MP:   3/13          EV: 14    Int: 17    God:
Gold: 299           SH:  0    Dex: 19    Spells: 6/14 levels left

rFire   . . .      SeeInvis .   e - +0 mace
rCold   . . .      Faith    .   (no shield)
rNeg    . . .      Spirit   .   a - +1 robe
rPois   .          Reflect  .   (no helmet)
rElec   .          Harm     .   (no cloak)
rCorr   .          Rampage  .   (no gloves)
Will    .....                   (no boots)
Stlth   ++........              (no amulet)
HPRegen 0.18/turn               k - +6 ring of strength
MPRegen 0.13/turn               p - +6 ring of dexterity

@: about to teleport, very slightly contaminated, drained
A: demonic guardian 1, demonic magic 1, demonic touch 2
a: no special abilities


You were on level 7 of the Dungeon.
You visited 1 branch of the dungeon, and saw 7 of its levels.

You collected 299 gold pieces.

Inventory:

Hand Weapons
 e - a +0 mace (weapon)
Missiles
 b - a throwing net
Armour
 a - a +1 robe (worn)
Jewellery
 k - a +6 ring of strength (left hand)
 p - a +6 ring of dexterity (right hand)
 s - an amulet of faith
 y - a +4 ring of evasion
Wands
 j - a wand of paralysis (9)
 r - a wand of flame (13)
Scrolls
 i - 3 scrolls of noise
 m - a scroll of enchant armour
 v - 4 scrolls of identify
 w - 2 scrolls of teleportation
Potions
 c - 8 potions of curing
 d - a potion of degeneration
 f - a potion of resistance
 h - 2 potions of mutation
 l - 2 potions of flight
 n - a potion of cancellation {unknown}
 o - a potion of brilliance {unknown}
 t - a potion of lignification {unknown}
 x - a potion of haste {unknown}
 z - a potion of might {unknown}


   Skills:
 + Level 3.5 Fighting
 + Level 3.6 Dodging
 * Level 5.4 Unarmed Combat
 + Level 3.8 Spellcasting
 * Level 4.9 Transmutations
 * Level 3.3 Ice Magic
 - Level 2.0 Poison Magic


You had 6 spell levels left.
You knew the following spells:

 Your Spells              Type           Power      Damage    Failure   Level
a - Beastly Appendage     Tmut           38%        N/A       2%          1
b - Spider Form           Tmut/Pois      14%        N/A       12%         3
c - Ice Form              Ice/Tmut       17%        N/A       28%         4

Your spell library contained the following spells:

 Spells                   Type           Power      Damage    Failure   Level
 Wereblood                Tmut           19%        N/A       3%          2
 Poisonous Vapours        Pois/Air       12%        N/A       16%         2
 Corpse Rot               Necr/Air       6%         N/A       24%         2
 Passage of Golubria      Tloc           3%         N/A       85%         4
 Silence                  Hex/Air        1%         N/A       99%         5
 Lehudib's Crystal Spear  Conj/Erth      1%         10d2      100%        8


Dungeon Overview and Level Annotations

Branches:
Dungeon (7/15)
 Temple: D:4-7

Altars:
Dithmenos
Ru
Sif Muna
Trog
Zin
The Shining One

Annotations:
D:4 1 runed translucent door, Crazy Yiuf


Innate Abilities, Weirdness & Mutations

A weak demonic guardian rushes to your aid.
Spells you cast may paralyse adjacent enemies.
Your touch may inflict irresistible damage on your foes.


Message History

Your white imp freezes the wight.
The wight completely resists.
The wight hits your white imp but does no damage.
Your white imp gestures at the wight.
The puff of frost hits the wight.
The wight resists.
The wight is destroyed!
A steam dragon comes into view.
Found a stone staircase leading down.
The steam dragon hisses angrily.
The steam dragon breathes steam at you. The ball of steam hits you!
* * * LOW HITPOINT WARNING * * *
A demonic guardian appears!
Your white imp gestures at the steam dragon.
The puff of frost hits the steam dragon.
Unknown command.
Okay, then.
Your white imp is engulfed in a cloud of scalding steam.
Your white imp hits the steam dragon but does no damage.
You feel much better.
You are engulfed in a cloud of scalding steam.
* * * LOW HITPOINT WARNING * * *
The steam dragon breathes steam at you. The ball of steam hits your white imp!
Your white imp dies!
Your white imp disappears in a puff of smoke!
The ball of steam hits you!
* * * LOW HITPOINT WARNING * * *
Your white imp is engulfed in a cloud of scalding steam.
Your white imp misses the steam dragon.
Your white imp barely misses the steam dragon.
As you read the scroll of teleportation, it crumbles to dust.
You feel strangely unstable. The steam dragon bites you.
* * * LOW HITPOINT WARNING * * *
The steam dragon completely misses you.
Your white imp is engulfed in a cloud of scalding steam.
Your white imp dies!
Your white imp disappears in a puff of smoke!
The steam dragon breathes steam at you. The ball of steam hits you!
You die...

##.....## ....
##.......##....
#........^....
#..........#
...#####..<.......##z.
...........).....$....
#)#..####......##.##..
.#..# #.#...## ..
...... #@#...... ##
#..#.##§#######
##.....D.# ......§..#
##..#.#.## .....#.#
#.# #.# #. #.# . #>.


You could see a steam dragon (catching breath).

Vanquished Creatures
  Edmund (D:6)
  A necrophage (D:5)
  A sky beast (D:6)
  An ogre (D:6)
  A bullfrog (D:6)
  A scorpion (D:5)
  A water moccasin zombie (D:5)
  A water moccasin skeleton (D:3)
  A bullfrog zombie (D:6)
  A centaur skeleton (D:5)
  A jelly (D:5)
  A bullfrog skeleton (D:5)
  An orc priest (D:3)
  4 iguanas
  4 orc wizards
  A hound zombie (D:3)
  7 gnolls
  A howler monkey skeleton (D:5)
  A howler monkey zombie (D:5)
  8 adders
  2 white imps (D:5)
  An ufetubus (D:5)
  2 worms
  A dart slug (D:5)
  14 orcs
  3 ball pythons
  7 bats
  8 endoplasms
  4 giant cockroaches
  12 goblins
  8 hobgoblins
  3 jackals (D:2)
  2 quokkas (D:3)
  5 frilled lizards
  8 kobolds
  9 rats
128 creatures vanquished.

Vanquished Creatures (collateral kills)
  A hornet zombie (D:4)
  A centaur (D:6)
  A wight (D:7)
  An adder (D:2)
  A worm (D:2)
  An orc (D:3)
  A rat (D:1)
7 creatures vanquished.

Grand Total: 135 creatures vanquished

Notes
Turn   | Place    | Note
-------+----------+-------------------------------------------
     0 | D:1      | kae the Demonspawn Transmuter began the quest for the Orb.
     0 | D:1      | Reached XP level 1. HP: 15/15 MP: 3/3
    29 | D:1      | Found a faded altar of an unknown god.
   784 | D:1      | Gained mutation: A weak demonic guardian rushes to your
                  | aid. [demonic ancestry]
   784 | D:1      | Reached XP level 2. HP: 21/21 MP: 3/5
  1279 | D:1      | Reached skill level 3 in Unarmed Combat
  1934 | D:2      | Gained mutation: Spells you cast may paralyse adjacent
                  | enemies. [demonic ancestry]
  1934 | D:2      | Reached XP level 3. HP: 11/26 MP: 4/6
  1938 | D:2      | Learned a level 3 spell: Spider Form
  2164 | D:2      | HP: 1/26 [gnoll (9)]
  2165 | D:2      | Gained mutation: Your touch may inflict minor irresistible
                  | damage on your foes. [demonic ancestry]
  2165 | D:2      | Reached XP level 4. HP: 2/32 MP: 3/7
  3083 | D:2      | Reached skill level 1 in Poison Magic
  4194 | D:3      | Identified the +3 ring mail of Panentheism {Harm rElec}
  4415 | D:3      | Reached XP level 5. HP: 38/38 MP: 4/8
  5750 | D:3      | Gained mutation: Your touch may inflict irresistible damage
                  | on your foes. [demonic ancestry]
  5750 | D:3      | Reached XP level 6. HP: 15/44 MP: 10/10
  6187 | D:4      | Reached skill level 4 in Unarmed Combat
  6447 | D:4      | Learned a level 4 spell: Ice Form
  7100 | D:4      | Found a runed translucent door.
  7101 | D:4      | Noticed Crazy Yiuf
  7239 | D:4      | Reached skill level 1 in Ice Magic
  7441 | D:5      | Entered Level 5 of the Dungeon
  7559 | D:5      | Reached XP level 7. HP: 35/51 MP: 8/11
  7977 | D:5      | Found a shimmering blue altar of Sif Muna.
  8605 | D:5      | Found a sacrificial altar of Ru.
  9260 | D:5      | Found a shadowy altar of Dithmenos.
  9600 | D:6      | Reached XP level 8. HP: 24/58 MP: 9/13
  9632 | D:6      | Reached skill level 5 in Unarmed Combat
 10304 | D:6      | Found a bloodstained altar of Trog.
 10621 | D:6      | Noticed Edmund
 10627 | D:6      | Killed Edmund
 10949 | D:7      | HP: 1/55 [steam dragon/ball of steam (13)]
 10954 | D:7      | Killed from afar by a steam dragon

Illustrated notes

Levels and vault maps discovered:
D:1:      dpeg_arrival_water_temple_mockup, layout_loops_ring,
          ebering_ecumenical_altar_hall, minmay_bisected
D:2:      layout_loops_corners, amcnicky_mini_rare_corridor_liquid,
          amethyst_killhole, kennysheep_doodads
D:3:      minmay_thinvault, layout_loops_corners, kennysheep_generic_room_7
D:4:      kennysheep_the_goblin_king, layout_cave_pools, serial_column_ruins,
          column_ruins_grid_3, column_ruins_corridor_straight,
          column_ruins_corridor_straight, hangedman_abyss_or_decor_passed,
          minmay_fractal_squares_gapless_5, uniq_crazy_yiuf_cottage
D:5:      layout_basic, nicolae_overflow_hidden_temple,
          mainiacjoe_overflow_surrounded_room, kennysheep_generic_room_4
D:6:      layout_loops_ring, lemuel_doored_altar, zin_scriptorium, minivault_23,
          minivault_1, uniq_edmund
D:7:      layout_loops_cross, minmay_temple_entry_water_ring,
          nicolae_ossuary_entry_catacombs

Skill      XL: |  1  2  3  4  5  6  7  8 |
---------------+-------------------------+-----
Transmutations | 2 3 4 |  4.9
Unarmed Combat | 3 4 5 |  5.4
Dodging        | 2 3 |  3.6
Poison Magic   | 1 2 |  2.0
Fighting       | 2 3 |  3.5
Spellcasting   | 3 |  3.8
Ice Magic      | 1 2 3 |  3.3

Action                   |  1- 3 |  4- 6 |  7- 9 || total
-------------------------+-------+-------+-------++-------
Melee: Unarmed           |    29 |   107 |   100 ||   236
       Kick              |    15 |    16 |       ||    31
       Headbutt          |     9 |    16 |       ||    25
       Mace              |    50 |   105 |    13 ||   168
       Touch             |       |    16 |     5 ||    21
       Punch             |       |     1 |     1 ||     2
 Cast: Beastly Appendage |    22 |    28 |       ||    50
       Spider Form       |     2 |    17 |    21 ||    40
       Ice Form          |       |       |     1 ||     1
  Use: Scroll            |     2 |    10 |     3 ||    15
       Potion            |       |     1 |     1 ||     2
 Stab: Paralysed         |       |    11 |     6 ||    17
       Sleeping          |       |       |     2 ||     2
Armor: Robe              |    16 |    25 |     3 ||    44
       Skin              |       |     5 |     7 ||    12
Dodge: Dodged            |    65 |   142 |    70 ||   277

Table legend: (Time is in decaauts)
 A = Elapsed time spent in this place.
 B = Non-inter-level travel time spent in this place.
 C = Inter-level travel time spent in this place.
 D = Time resting spent in this place.
 E = Time spent auto-exploring this place.
 F = Levels seen in this place.
 G = Mean time per level.
                   A        B        C        D        E       F      G
               +--------+--------+--------+--------+--------+-----+--------+
         Total |  11001 |  10850 |    151 |    318 |   9282 |   7 | 1571.6 |
       Dungeon |  11001 |  10850 |    151 |    318 |   9282 |   7 | 1571.6 |
               +--------+--------+--------+--------+--------+-----+--------+

Top non-repeatable levels by time:
     D:3: 2384 daAuts
     D:2: 1992 daAuts
     D:1: 1969 daAuts
     D:5: 1952 daAuts
     D:6: 1336 daAuts
     D:4: 1148 daAuts
     D:7: 218 daAuts
